AoeStats
← QNa_NguaHoang

Nomad

507403010Analyzed
4v4 RM · 13d ago on Sep 18, 2026· 31m 53s· 8 players
Game mode
Random Map
Map size
231×231
Population
200
Speed
Normal
Resources
Standard
Victory
Conquest
Starting age
Dark Age
Ending age
Imperial Age
RankedLock teamsTeams togetherTeam positionsShared explorationLock speedFull tech treeHidden civsTurbo modeCheats
Victory
Defeat
🇺🇸 Lithuanians · United States
1311
+14
🇺🇿 Italians · Uzbekistan
1284
+15
🇺🇸 Japanese · United States
1237
+17
🇵🇾 Bulgarians · Paraguay
1202
+20
🇹🇼 Mongols · Taiwan
1297
-18
🇻🇳 Goths · Vietnam
1262
-16
🇨🇳 Burgundians · China
1259
-16
🇨🇦 Italians · Canada
1253
-16
飛衫走奶
4:01 Loom
12:25 Feudal Age
16:21 Castle Age
15:29 Double-Bit Axe
15:26 Horse Collar
19:52 Wheelbarrow
19:55 Bow Saw
25:40 Heavy Plow
31:11 Imperial Age
28:38 Gold Mining
28:44 Stone Mining
29:21 Fletching
29:32 Padded Archer Armor
29:57 Ballistics
30:21 Bodkin Arrow
30:47 Leather Archer Armor
Akane
9:24 Wheelbarrow
12:27 Double-Bit Axe
13:34 Loom
13:41 Horse Collar
19:09 Feudal Age
24:17 Castle Age
QNa_NguaHoang
4:34 Loom
15:00 Feudal Age
20:02 Castle Age
18:34 Stone Mining
18:30 Double-Bit Axe
18:28 Horse Collar
20:06 Wheelbarrow
trashypanda
7:43 Loom
16:02 Feudal Age
22:58 Castle Age
22:28 Wheelbarrow
21:43 Double-Bit Axe
23:11 Fletching
23:22 Padded Archer Armor
24:34 Bodkin Arrow
Hero Unit
5:32 Loom
13:13 Feudal Age
13:47 Fishing Lines
15:54 Town Watch
19:41 Castle Age
18:01 Stone Mining
18:07 Double-Bit Axe
18:38 Fletching
20:28 Gillnets
21:28 Bow Saw
22:29 Wheelbarrow
22:28 Forging
23:19 Scale Mail Armor
26:42 Gold Mining
31:02 Hand Cart
31:40 Chain Mail Armor
32:01 Iron Casting
32:27 Squires
ForseenCow
12:45 Feudal Age
13:29 Double-Bit Axe
14:19 Loom
19:29 Castle Age
21:06 Bow Saw
21:22 Medium Warships
23:20 Scale Barding Armor
23:42 Forging
27:03 Wheelbarrow
28:06 Horse Collar
30:34 Husbandry
30:47 Bloodlines
31:07 Chain Barding Armor
32:36 Iron Casting
DANICW82
5:15 Loom
15:08 Feudal Age
20:01 Castle Age
18:08 Horse Collar
18:42 Stone Mining
19:30 Gold Mining
19:43 Fletching
22:30 Stone Shaft Mining
27:05 Heavy Plow
28:08 Wheelbarrow
30:29 Gold Shaft Mining
29:41 Double-Bit Axe
karbid
4:15 Loom
12:57 Feudal Age
17:28 Castle Age
24:35 Imperial Age
22:25 Horse Collar
22:51 Double-Bit Axe
23:12 Fletching
23:36 Bodkin Arrow
24:09 Bow Saw
25:28 Bracer
26:35 Ballistics
26:40 Padded Archer Armor
29:17 Leather Archer Armor
29:24 Ballistics
30:11 Chemistry
30:14 Wheelbarrow
29:25 Town Watch
32:40 Ring Archer Armor
32:28 Hand Cart
32:18 Heavy Plow
Connection lost

Rejoining the realm…

Still unreachable

The connection could not be restored.

Session expired

The server has moved on; the page needs a fresh start.